Map: Romanticide LE

Players

LiquidClem (Clem) - Winner!

  • Race: Terran Terran
  • League: Grandmaster

ShaDoWn

  • Race: Protoss Protoss
  • League: Master

Event: DreamHack SC2 Masters 2021 Summer

VOD

Have the link to the VOD?

Description

Time

  • Played on: May 25, 2021, 11:57 a.m.
  • Length: 10:48

All games in this series

Show
View Real Time Build Order
Export as new Build Order

LiquidClem Terran - Winner!

Build Orders:  

Get SALT Encoding   

  12  0:00  SCV  
  13  0:12  SCV  
  14  0:17  Supply Depot  
  14  0:24  SCV  
  15  0:38  SCV  
  15  0:40  Barracks  
  16  0:44  Refinery  
  16  0:50  SCV  
  17  1:02  SCV  
  18  1:15  SCV  
  19  1:27  Orbital Command  
  19  1:29  Barracks Reactor  
  19  1:40  Command Center  
  19  1:48  Supply Depot  
  19  1:53  SCV  
  20  2:05  SCV  
  20  2:06  Factory  
  20  2:08  Marine  
  22  2:10  Marine  
  23  2:17  SCV  
  24  2:23  Refinery  
  24  2:26  Marine  
  24  2:28  Marine  
  24  2:29  SCV  
  27  2:41  SCV  
  28  2:45  Marine  
  28  2:46  Marine  
  28  2:50  Starport  
  30  2:53  SCV  
  30  2:55  Orbital Command  
  31  3:06  SCV  
  31  3:07  Hellion x2  
  36  3:13  Barracks Tech Lab  
  36  3:18  SCV  
  37  3:20  SCV  
  38  3:30  SCV  
  39  3:34  SCV  
  39  3:36  Supply Depot  
  39  3:37  Factory Tech Lab  
  39  3:40  Raven  
  42  3:41  Marine x2  
  42  3:46  SCV x2  
  45  3:58  SCV  
  45  3:59  SCV, Marine x2  
  45  4:00  Siege Tank  
  47  4:10  SCV  
  47  4:11  SCV  
  47  4:16  Barracks x2, Supply Depot  
  47  4:17  Marine x2  
  47  4:18  Bunker  
  47  4:22  SCV  
  47  4:23  SCV  
  51  4:30  Refinery  
  51  4:33  Siege Tank  
  51  4:34  Supply Depot  
  51  4:37  Marine x2  
  51  4:38  SCV x2  
  58  4:41  Supply Depot  
  58  4:44  Engineering Bay  
  58  4:50  SCV  
  58  4:51  SCV  
  60  4:54  Starport Reactor  
  60  4:55  Marine x2  
  60  4:59  Refinery  
  62  5:01  Supply Depot  
  62  5:02  SCV  
  62  5:03  SCV  
  64  5:12  Marauder, Stimpack  
  64  5:13  Marine x2  
  64  5:14  Terran Infantry Weapons Level 1  
  68  5:17  SCV, Marauder  
  68  5:19  SCV  
  72  5:22  Combat Shield  
  72  5:31  Marine x2, Supply Depot  
  72  5:32  SCV  
  72  5:33  SCV, Marauder  
  78  5:44  Supply Depot  
  78  5:45  Marauder, Medivac  
  81  5:51  SCV x2  
  81  5:52  Marine x2  
  81  5:55  Marauder  
  83  6:09  Supply Depot  
  79  6:14  Supply Depot  
  79  6:15  Factory Reactor, Marine x3, SCV x2  
  79  6:16  Marauder  
  86  6:31  Command Center, Medivac x2  
  90  6:36  Marine x2  
  90  6:37  SCV x2  
  91  6:44  Marauder x2  
  91  6:45  Concussive Shells  
  95  6:51  SCV x2  
  97  6:56  Marine x2  
  97  6:57  Supply Depot  
  97  7:01  Widow Mine  
  101  7:03  SCV  
  102  7:10  Terran Infantry Armor Level 1, Supply Depot  
  102  7:14  Supply Depot  
  102  7:18  SCV x2, Marine x2  
  102  7:19  Marauder x2  
  109  7:29  Widow Mine  
  110  7:32  Widow Mine, Medivac  
  110  7:34  Barracks  
  110  7:36  Marine  
  111  7:37  Marine  
  111  7:38  Barracks  
  111  7:40  Marauder, Marine  
  115  7:46  SCV x2  
  115  7:50  Medivac  
  115  7:51  Widow Mine  
  121  7:57  Marine  
  121  7:58  Marine  
  121  7:59  Marauder  
  121  8:00  SCV  
  121  8:02  Marauder  
  121  8:04  Widow Mine  
  121  8:06  Medivac  
  121  8:08  SCV  
  118  8:15  Widow Mine, Orbital Command, Marine  
  118  8:17  SCV  
  118  8:18  Marine  
  123  8:20  SCV, Marauder  
  123  8:24  Medivac  
  123  8:26  Barracks Reactor, Barracks Tech Lab  
  128  8:27  Widow Mine  
  128  8:29  SCV  
  128  8:30  Supply Depot  
  128  8:32  Supply Depot  
  133  8:34  Marauder  
  133  8:41  Widow Mine, Medivac  
  133  8:42  Marauder  
  133  8:43  Marine x2  
  141  8:50  Supply Depot  
  141  8:51  Marauder  
  141  8:54  Armory  
  139  8:57  Widow Mine, Engineering Bay  
  139  8:58  Medivac  
  139  9:01  Marauder  
  143  9:06  Widow Mine, Marine x2  
  143  9:07  Marine x2  
  143  9:09  Refinery  
  147  9:11  SCV  
  147  9:12  SCV x2, Supply Depot  
  150  9:18  Viking  
  150  9:20  Widow Mine  
  150  9:24  Missile Turret, Supply Depot  
  154  9:26  Refinery  
  154  9:31  Command Center  
  154  9:35  Widow Mine  
  154  9:36  Supply Depot  
  156  9:38  Medivac  
  156  9:41  Marauder x2  
  156  9:45  Marine x2  
  164  9:46  Marauder  
  164  9:48  Marine  
  164  9:50  Supply Depot  
  167  9:55  Marine  
  167  9:56  Widow Mine  
  167  10:02  Orbital Command, Marauder, Marine  
  167  10:04  Widow Mine, Liberator  
  165  10:07  Marine x3  
  165  10:08  Marauder  
  165  10:13  Marine  
  157  10:20  Widow Mine, Marauder  
  150  10:23  Marauder  
  150  10:25  Marine x2  
  139  10:30  Marine  
Show
View Real Time Build Order
Export as new Build Order

ShaDoWn Protoss 

Build Orders: 1 Gate Expand, Blink Stalkers, Zealot Archon 

Get SALT Encoding   

  12  0:00  Probe  
  13  0:12  Probe  
  14  0:17  Pylon  
  14  0:24  Probe  
  15  0:36  Probe (Chrono Boost)  
  15  0:37  Gateway  
  16  0:47  Probe (Chrono Boost), Assimilator  
  17  0:51  Probe (Chrono Boost)  
  18  1:03  Probe  
  19  1:15  Probe  
  20  1:22  Nexus  
  20  1:31  Cybernetics Core  
  20  1:35  Probe  
  20  1:39  Assimilator  
  21  1:47  Probe  
  21  1:51  Pylon  
  22  1:59  Probe  
  23  2:06  Adept (Chrono Boost)  
  23  2:08  Warp Gate  
  23  2:11  Probe  
  26  2:23  Probe  
  26  2:27  Twilight Council  
  26  2:29  Stalker  
  29  2:34  Probe (Chrono Boost)  
  29  2:36  Probe (Chrono Boost)  
  33  2:44  Probe (Chrono Boost)  
  33  2:45  Probe (Chrono Boost)  
  33  2:49  Probe (Chrono Boost)  
  33  2:50  Robotics Facility  
  34  2:54  Probe  
  35  3:01  Probe  
  36  3:06  Blink (Chrono Boost)  
  36  3:07  Gateway  
  36  3:11  Probe  
  37  3:14  Probe  
  38  3:21  Shield Battery  
  38  3:23  Probe  
  38  3:24  Stalker  
  41  3:32  Gateway  
  41  3:34  Probe  
  41  3:37  Observer  
  41  3:38  Probe  
  44  3:46  Probe  
  44  3:47  Pylon  
  45  3:50  Probe  
  46  3:58  Probe  
  46  4:02  Probe  
  44  4:03  Stalker  
  44  4:11  Warp Prism (Chrono Boost)  
  44  4:16  Gateway  
  47  4:17  Stalker  
  47  4:20  Gateway  
  47  4:22  Probe  
  49  4:26  Probe  
  49  4:27  Stalker  
  52  4:34  Probe  
  52  4:38  Probe  
  54  4:40  Pylon  
  54  4:41  Pylon  
  54  4:44  Assimilator  
  54  4:58  Probe x2  
  56  5:00  Stalker x2  
  56  5:03  Pylon  
  59  5:10  Probe x2  
  61  5:15  Stalker x2  
  61  5:18  Assimilator  
  65  5:22  Probe  
  65  5:25  Stalker  
  65  5:26  Stalker  
  65  5:27  Probe  
  71  5:29  Pylon  
  71  5:36  Probe  
  71  5:40  Stalker x2  
  71  5:42  Probe  
  77  6:01  Nexus  
  61  6:13  Immortal (Chrono Boost)  
  61  6:16  Probe, Charge (Chrono Boost), Pylon  
  61  6:17  Probe  
  67  6:20  Templar Archives  
  67  6:24  Sentry, Adept  
  67  6:25  Zealot  
  73  6:31  Probe  
  74  6:33  Probe  
  75  6:43  Probe  
  75  6:45  Probe, Immortal (Chrono Boost)  
  81  6:48  Zealot x3  
  85  6:59  Shield Battery  
  85  7:08  High Templar x2  
  87  7:09  Zealot x2  
  87  7:13  Gateway  
  87  7:14  Archon  
  91  7:31  Zealot x2  
  91  7:33  Gateway  
  91  7:35  Pylon  
  91  7:38  Probe  
  91  7:40  Probe  
  91  7:41  Zealot x2  
  91  7:42  Probe  
  91  7:43  Robotics Facility  
  98  7:50  Probe  
  99  7:51  Zealot x2  
  99  7:52  Probe  
  100  8:01  Probe  
  100  8:03  Zealot x2  
  95  8:06  Probe  
  88  8:14  Zealot x3  
  88  8:16  Probe, Psionic Storm  
  93  8:26  High Templar x2  
  97  8:28  Gateway, Immortal (Chrono Boost)  
  101  8:35  High Templar x2  
  101  8:36  Zealot, Sentry  
  101  8:41  Pylon  
  109  8:44  Probe  
  104  8:57  Zealot  
  104  8:58  Zealot x2  
  104  9:00  Observer (Chrono Boost)  
  108  9:05  Probe  
  108  9:06  Probe  
  108  9:07  Probe  
  108  9:09  Assimilator  
  109  9:10  Assimilator  
  109  9:11  Pylon  
  109  9:16  High Templar x2, Zealot x2  
  117  9:19  Pylon  
  117  9:21  Pylon  
  117  9:22  Archon, Pylon  
  117  9:29  Pylon  
  117  9:32  Zealot  
  117  9:33  Zealot x2  
  117  9:36  Pylon  
  117  9:38  Zealot x2  
  127  9:49  Zealot  
  124  10:12  Pylon  
Tags
 
Add a new tag
Caveats
  • Supply blocks, unpowered buildings, or Contaminate may cause inaccurate times.
  • Supply counts are checked every 10 seconds.